 Dungeon Crawl Stone Soup version 0.23-a0-622-g59b4ea9 (console) character file.

95 bli the Skirmisher (level 4, -3/38 HPs)
             Began as a Barachi Fighter on Dec 23, 2018.
             Slain by an orc priest
             ... wielding a +0 hand axe
              (7 damage)
             ... on level 4 of the Dungeon.
             The game lasted 00:06:54 (2525 turns).

bli the Skirmisher (Barachi Fighter)                Turns: 2525, Time: 00:06:54

Health: -3/38      AC:  2    Str: 18    XL:     4   Next: 66%
Magic:  4/4        EV:  9    Int:  8    God:
Gold:   136        SH:  9    Dex: 12    Spells: 3/3 levels left

rFire    . . .     SeeInvis .   a - +0 long sword
rCold    . . .     Gourm    .   c - +0 shield
rNeg     . . .     Faith    +   e - +0 robe (curse)
rPois    .         Spirit   .   (no helmet)
rElec    .         Reflect  .   (no cloak)
rCorr    .         Harm     .   (no gloves)
MR       +....                  (no boots)
Stlth    +.........             i - amulet of faith
HPRegen  0.12/turn              u - ring of protection from magic
MPRegen  0.09/turn              (no ring)

@: slow
A: +LOS, swims, slowness 1, strong legs 1
a: Hop


You were on level 4 of the Dungeon.
You were not hungry.

You visited 1 branch of the dungeon, and saw 4 of its levels.

You collected 136 gold pieces.

Inventory:

Hand Weapons
 a - a +0 long sword (weapon)
Missiles
 h - 70 stones (quivered)
 x - a throwing net
Armour
 b - a +0 scale mail
 c - a +0 shield (worn)
 e - a cursed +0 robe (worn)
 k - a +0 leather armour
Magical Staves
 t - an uncursed staff of wizardry
Jewellery
 i - an amulet of faith (around neck)
 u - a ring of protection from magic (left hand)
Wands
 s - a wand of enslavement (11)
Scrolls
 l - 3 scrolls of blinking
 m - a scroll of immolation {unknown}
 o - a scroll of fear {unknown}
 q - 2 scrolls of identify
 r - a scroll of random uselessness {unknown}
 v - a scroll of teleportation {unknown}
 w - a scroll of enchant weapon {unknown}
Potions
 d - a potion of might
 g - 3 potions of curing {unknown}
 j - a potion of magic {unknown}
 n - a potion of cancellation {unknown}
 p - a potion of degeneration {unknown}
Comestibles
 f - 8 rations


   Skills:
 + Level 4.4 Fighting
 * Level 3.6 Long Blades
 + Level 4.0 Armour
 + Level 0.9 Dodging
 + Level 4.2 Shields


You had 3 spell levels left.
You didn't know any spells.
Your spell library was empty.

Dungeon Overview and Level Annotations

Branches:
Dungeon (4/15)
 Temple: D:4-7

Altars:
Ashenzari

Annotations:
D:3 2 transporters, Killmatronix's ghost, amateur HOAs


Innate Abilities, Weirdness & Mutations

Shadows flee at your approach. (+LOS)
You can swim through water.
You cover ground slowly.
You can hop short distances.


Message History

The orc priest hits you with a +0 hand axe.
The orc barely misses you. The orc hits you with a +0 dagger.
You hit the orc priest.
The orc priest is heavily wounded.
The orc hits you with a +0 short sword. The orc hits you with a +0 dagger.
The An orc comes into view. It is wielding a -3 mace.
You closely miss the orc priest.
The orc priest is heavily wounded.
The orc shouts!
The orc barely misses you.
You riposte.
You barely miss the orc.
You block the The orc priest mumbles some strange prayers to Beogh against you.
Beogh smites you!
* * * LOW HITPOINT WARNING * * *
You block the orc's attack.
You barely miss the orc priest.
The orc priest is heavily wounded.
The orc barely misses you. The orc hits you with a +0 dagger.
* * * LOW HITPOINT WARNING * * *
The orc priest hits you with a +0 hand axe!
You die...

.............#
.............# #.
#######.#.#.# #. #.#.#.#
#. #.#<#.# .. #.#.#.##
#. #########.......
#.##...........#.##
#.#........###.#.#
#.##.##o#..#####.###.#.#
#.....oo@o........##.#
.......o.............#
######.###>####...#.<#
#. #.# ##.##..# # #.#
#.# .# #.# #.# # #<. ...
#.. ... ... .#.


You could see an orc priest and 4 orcs.

Vanquished Creatures
  Jessica (D:3)
  A worker ant (D:3)
  An adder (D:3)
  An ooze (D:1)
  7 hobgoblins
  3 jackals (D:2)
  A ball python (D:2)
  6 bats
  6 goblins
  2 kobolds
  5 rats
34 creatures vanquished.

Notes
Turn   | Place    | Note
-------+----------+-------------------------------------------
     0 | D:1      | bli the Barachi Fighter began the quest for the Orb.
     0 | D:1      | Reached XP level 1. HP: 18/18 MP: 1/1
   325 | D:1      | Reached XP level 2. HP: 21/25 MP: 2/2
   882 | D:2      | Reached XP level 3. HP: 14/30 MP: 3/3
  1494 | D:3      | Found a transporter.
  1500 | D:3      | Noticed Killmatronix's ghost (amateur HOAs)
  1513 | D:3      | Found a transporter.
  1519 | D:3      | Noticed Jessica
  1531 | D:3      | Killed Jessica
  1531 | D:3      | Reached XP level 4. HP: 23/37 MP: 4/4
  1902 | D:3      | Found a shattered altar of Ashenzari.
  2525 | D:4      | Slain by an orc priest

Vault maps used:
D:1:      sevenhm_arrival_forest_fort_small_1
D:3:      first_ration, gammafunk_ghost_stat_death,
          nicolae_ashenzari_panopticon, uniq_jessica
D:4:      minmay_temple_entry_large_hall, minivault_11, item_on_display_a,
          uniq_sigmund, uniq_robin

Skill      XL: |  1  2  3 |
---------------+----------+-----
Fighting       | 4 |  4.4
Long Blades    | 3 |  3.6
Armour         | 4 |  4.0
Shields        | 4 |  4.2
Dodging        | |  0.9

Action                   |  1- 3 |  4- 6 || total
-------------------------+-------+-------++-------
Melee: Long sword        |    84 |    19 ||   103
Throw: Stone             |       |     5 ||     5
 Abil: Hop               |     2 |       ||     2
  Use: Scroll            |       |     1 ||     1
 Stab: Sleeping          |     2 |       ||     2
  Eat: Chunk             |     2 |     4 ||     6
Armor: Robe              |    15 |       ||    15
Dodge: Dodged            |    26 |     5 ||    31
Block: Shield            |    36 |    14 ||    50
       Rpst.: Long sword |     9 |     1 ||    10

Table legend:
 A = Non-vault XP
 B = Vault XP
 C = Vault XP percentage of total XP
 D = Non-vault monster count
 E = Vault monster count
 F = Vault count percentage of total count
                 A         B        C        D         E       F
            +---------+---------+-------+---------+---------+-------
      Total |     100 |      37 |  27.0 |      33 |       1 |   2.9
            +---------+---------+-------+---------+---------+-------
        D:1 |      29 |       0 |   0.0 |      17 |       0 |   0.0
        D:2 |      16 |       0 |   0.0 |      10 |       0 |   0.0
        D:3 |      55 |      37 |  40.2 |       6 |       1 |  14.3
            +---------+---------+-------+---------+---------+-------
